[Event "Titled Tuesday Blitz April 25 Early 2023"]
[White "Sliwicki, Damian"]
[Black "Bacallao Alonso, Yusnel"]
[WhiteFideId "1127128"]
[BlackFideId "3507416"]
[WhiteElo "2030"]
[BlackElo "2561"]
[Result "1-0"]
[Round "01"]
[TimeControl "180+2"]
[Date "2023.04.25"]
[WhiteClock "0:00:35"]
[BlackClock "0:00:02"]

1. e4 c6 2. Nc3 d5 3. Nf3 dxe4 4. Nxe4 Nf6 5. Nxf6+ exf6 6. d4 Bd6 7. Bd3 O-O 8. O-O Bg4 9. h3 Bh5 10. c3 Nd7 11. g4 Bg6 12. Kg2 Re8 13. Nh4 c5 14. Be3 cxd4 15. Bxd4 Qc7 16. Nf5 Bc5 17. Qf3 Ne5 18. Bxe5 Rxe5 19. Rae1 Rae8 20. Rxe5 Rxe5 21. Rd1 Bb6 22. Be4 Qc5 23. Rd7 Rxe4 24. b4 Qc6 25. Re7 Bxf5 26. b5 Qc8 27. Rxe4 Bxe4 28. Qxe4 1-0


[Site "https://www.chess.com"]

[Event "Titled Tuesday Blitz April 25 Early 2023"]
[White "Mekhitarian, Krikor Sevag"]
[Black "Marczuk, Dominik"]
[WhiteFideId "2107660"]
[BlackFideId "1111264"]
[WhiteElo "2604"]
[BlackElo "2174"]
[Result "1-0"]
[Round "01"]
[TimeControl "180+2"]
[Date "2023.04.25"]
[WhiteClock "0:02:27"]
[BlackClock "0:01:58"]

1. Nf3 Nf6 2. c4 g6 3. Nc3 Bg7 4. e4 d6 5. d4 O-O 6. h3 e5 7. d5 Na6 8. Be3 Nc5 9. Nd2 a5 10. g4 c6 11. Be2 cxd5 12. cxd5 Bd7 13. a4 Ne8 14. h4 Nc7 15. Nc4 Qe7 16. Bxc5 dxc5 17. d6 1-0


[Site "https://www.chess.com"]

[Event "Titled Tuesday Blitz April 25 Early 2023"]
[White "Shuvalov, Evgenij"]
[Black "Salinas Herrera, Pablo"]
[WhiteFideId "4187237"]
[BlackFideId "3407128"]
[WhiteElo "2080"]
[BlackElo "2546"]
[Result "1/2-1/2"]
[Round "01"]
[TimeControl "180+2"]
[Date "2023.04.25"]
[WhiteClock "0:00:14"]
[BlackClock "0:00:04"]

1. d4 d5 2. c4 e6 3. Nc3 Nf6 4. cxd5 exd5 5. Bg5 c6 6. e3 Bd6 7. Bd3 h6 8. Bh4 O-O 9. Nge2 Re8 10. Qc2 a5 11. a3 Na6 12. Bg3 Nc7 13. O-O Ne6 14. Rad1 Ng5 15. Bh4 Bd7 16. Ng3 Rc8 17. Nf5 Bf8 18. Rfe1 b5 19. f3 Qb6 20. Bf2 c5 21. dxc5 Bxc5 22. Qd2 b4 23. axb4 axb4 24. Nb1 Rc7 25. Nd4 Ne6 26. Bf1 Bxd4 27. exd4 Bb5 28. Bxb5 Qxb5 29. Rc1 Rec8 30. Rxc7 Rxc7 31. Rc1 Rc4 32. b3 Rxc1+ 33. Qxc1 Qd3 34. Nd2 Nxd4 35. Bxd4 Qxd4+ 36. Kf1 Qd3+ 37. Kf2 g6 38. Qe1 Kg7 39. Qe3 Qc2 40. Qd4 Qc3 41. Qe3 d4 42. Qe2 d3 43. Qe3 Nd5 44. Qe1 Qd4+ 45. Kg3 g5 46. Qe4 Qxe4 47. fxe4 Nf4 48. Kf3 Kf6 49. g3 Ng6 50. Ke3 Ne5 51. h3 h5 52. Nb1 Ke6 53. Nd2 f5 54. exf5+ Kxf5 55. Nb1 Ke6 56. Kd4 h4 57. gxh4 gxh4 58. Nd2 Kf5 59. Ke3 Kg5 60. Ne4+ Kf5 61. Nd2 Ke6 62. Kd4 Kd6 63. Ne4+ Ke6 64. Nd2 1/2-1/2


[Site "https://www.chess.com"]

[Event "Titled Tuesday Blitz April 25 Early 2023"]
[White "Pultinevicius, Paulius"]
[Black "Khandelwal, Ankush"]
[WhiteFideId "12809390"]
[BlackFideId "413470"]
[WhiteElo "2529"]
[BlackElo "2263"]
[Result "1-0"]
[Round "01"]
[TimeControl "180+2"]
[Date "2023.04.25"]
[WhiteClock "0:00:12"]
[BlackClock "0:00:20"]

1. d4 Nf6 2. c4 g6 3. Nc3 Bg7 4. e4 d6 5. Nf3 O-O 6. h3 Nbd7 7. Be3 e5 8. d5 Nc5 9. Nd2 a5 10. g4 c6 11. Be2 Bd7 12. h4 cxd5 13. cxd5 a4 14. a3 Ne8 15. h5 f5 16. hxg6 hxg6 17. gxf5 gxf5 18. Qc2 Nxe4 19. Ndxe4 fxe4 20. Nxe4 Bf5 21. Bd3 Qa5+ 22. Bd2 Qb6 23. Be3 Qa5+ 24. Bd2 Qb6 25. O-O-O Rc8 26. Bc3 Bxe4 27. Bxe4 Rxf2 28. Bh7+ Kf8 29. Rdf1 Nf6 30. Qxf2 Qxf2 31. Rxf2 e4 32. Rhf1 1-0


[Site "https://www.chess.com"]

[Event "Titled Tuesday Blitz April 25 Early 2023"]
[White "Jimenez Jimenez, Leandro"]
[Black "Smirnov, Pavel"]
[WhiteFideId "6415253"]
[BlackFideId "4123425"]
[WhiteElo "2263"]
[BlackElo "2519"]
[Result "0-1"]
[Round "01"]
[TimeControl "180+2"]
[Date "2023.04.25"]
[WhiteClock "0:00:04"]
[BlackClock "0:00:40"]

1. d4 Nf6 2. c4 e6 3. Nf3 d5 4. g3 c6 5. Bg2 Be7 6. O-O O-O 7. Nbd2 b6 8. Qc2 Bb7 9. e4 Na6 10. a3 c5 11. exd5 exd5 12. Rd1 Rc8 13. Qa4 Qe8 14. Qb3 cxd4 15. Nxd4 dxc4 16. Nxc4 Bxg2 17. Kxg2 Nc5 18. Qf3 Qa4 19. b4 Nce4 20. Ne5 Rc3 21. Be3 Rxa3 22. Rxa3 Qxa3 23. b5 Bc5 24. g4 h6 25. h4 Re8 26. Nxf7 Kxf7 27. g5 hxg5 28. hxg5 Nxg5 29. Bxg5 Qxf3+ 30. Kxf3 Ne4 31. Be3 Nc3 32. Ra1 Ra8 33. Ra6 Bxd4 34. Bxd4 Nxb5 35. Bxb6 Rb8 36. Be3 Rb7 37. Ke4 Rd7 38. f4 Ke8 39. f5 Kd8 40. Ra5 Rb7 41. Bd4 Kc8 42. Ra1 Nxd4 43. Kxd4 Kb8 44. Ra6 Rb6 45. Ra1 a6 46. Rg1 Rb7 47. Ke5 Ka7 48. Rg6 a5 49. Rg4 Ka6 50. f6 gxf6+ 51. Kxf6 Rb4 52. Ke5 Rxg4 0-1


[Site "https://www.chess.com"]

[Event "Titled Tuesday Blitz April 25 Early 2023"]
[White "Beerdsen, Thomas"]
[Black "Mrudul Dehankar"]
[WhiteFideId "1030108"]
[BlackFideId "25096990"]
[WhiteElo "2547"]
[BlackElo "2139"]
[Result "1-0"]
[Round "01"]
[TimeControl "180+2"]
[Date "2023.04.25"]
[WhiteClock "0:02:00"]
[BlackClock "0:00:01"]

1. e4 c6 2. f3 d5 3. d4 dxe4 4. fxe4 e5 5. Nf3 Bg4 6. Bc4 Nd7 7. O-O Ngf6 8. Qe1 Qc7 9. c3 Bd6 10. h3 Bh5 11. Bg5 Bg6 12. Nbd2 h6 13. Bh4 O-O-O 14. Bd3 Bh7 15. Nc4 Nh5 16. Bg3 Nxg3 17. Qxg3 Rde8 18. Nxd6+ Qxd6 19. Rad1 g5 20. Bc4 Rhf8 21. b4 Qc7 22. d5 cxd5 23. Bxd5 Nb6 24. Bb3 Bxe4 25. Nd2 Bg6 26. a4 e4 27. Qe3 Kb8 28. a5 Nc8 29. a6 b6 30. Rf6 Qe5 31. Rdf1 Rd8 32. Nc4 Qc7 33. Na3 Ne7 34. Nb5 Qd7 35. Rxb6+ axb6 36. Qxb6+ Ka8 37. Nc7+ Qxc7 38. Qxc7 1-0


[Site "https://www.chess.com"]

[Event "Titled Tuesday Blitz April 25 Early 2023"]
[White "Yeritsyan, Hayk"]
[Black "Molina, Roberto Junio Brito"]
[WhiteFideId "13307320"]
[BlackFideId "2109450"]
[WhiteElo "2445"]
[BlackElo "2376"]
[Result "1-0"]
[Round "01"]
[TimeControl "180+2"]
[Date "2023.04.25"]
[WhiteClock "0:00:04"]
[BlackClock "0:00:02"]

1. Nf3 d5 2. b3 Bg4 3. Ne5 Bf5 4. Bb2 Nd7 5. e3 Nxe5 6. Bxe5 e6 7. Be2 Nf6 8. d3 Bd6 9. Bb2 O-O 10. Nd2 e5 11. O-O Qe7 12. Bf3 Bg6 13. e4 d4 14. a3 b5 15. a4 c6 16. axb5 cxb5 17. Ra6 Bb4 18. Nb1 Rac8 19. Ba3 Rc7 20. Qd2 Bxd2 21. Bxe7 Rxe7 22. Nxd2 Rc8 23. Rc1 Rcc7 24. Bd1 Nd7 25. Rca1 Nb8 26. R6a5 a6 27. b4 f6 28. Nb3 Be8 29. Kf1 Nc6 30. Rxa6 Nxb4 31. Ra8 Kf7 32. Rc1 g6 33. Ke1 Kg7 34. Kd2 Bf7 35. Rb1 Nc6 36. Nc5 Ra7 37. Rxa7 Nxa7 38. g3 Rc7 39. Na6 Rc6 40. Nb4 Rc7 41. Ra1 Nc6 42. Nxc6 Rxc6 43. Ra5 Rb6 44. f4 Be6 45. Ra7+ Kh6 46. Ra8 b4 47. Rf8 Kg7 48. Ra8 b3 49. cxb3 Bxb3 50. Ra7+ Kh6 51. Bxb3 Rxb3 52. Rf7 Rb2+ 53. Ke1 Rxh2 54. Rxf6 exf4 55. gxf4 Kh5 56. e5 Kg4 57. e6 Rh3 58. Kd2 Re3 59. Kc2 Kf3 60. f5 g5 61. Rf7 Kf4 62. e7 g4 63. f6 g3 64. Rg7 Re6 65. f7 Rxe7 66. f8=Q+ 1-0


[Site "https://www.chess.com"]

[Event "Titled Tuesday Blitz April 25 Early 2023"]
[White "Hambleton, Aman"]
[Black "Bochnicka, Vladimir"]
[WhiteFideId "2606577"]
[BlackFideId "14943450"]
[WhiteElo "2511"]
[BlackElo "2094"]
[Result "1-0"]
[Round "01"]
[TimeControl "180+2"]
[Date "2023.04.25"]
[WhiteClock "0:00:20"]
[BlackClock "0:00:10"]

1. d4 Nf6 2. Bf4 d6 3. e3 g6 4. h3 Bg7 5. Nf3 O-O 6. c3 Nc6 7. Be2 Nd7 8. Bh2 e5 9. a4 h6 10. a5 a6 11. b4 Kh7 12. Qb3 f5 13. Na3 Qe7 14. Nc4 e4 15. Nfd2 Nf6 16. b5 axb5 17. Qxb5 Bd7 18. Qb2 Rfb8 19. O-O d5 20. Na3 Be6 21. Nb5 Ne8 22. Nb3 b6 23. axb6 Rxa1 24. Rxa1 Rxb6 25. Qa3 Qf7 26. Nc5 Bf8 27. Qa8 Bxc5 28. dxc5 Rb8 29. Qxc6 Bd7 30. Qa6 1-0


[Site "https://www.chess.com"]

[Event "Titled Tuesday Blitz April 25 Early 2023"]
[White "Melikhov, Evgeny V."]
[Black "Vakhlamov, Igor L."]
[WhiteFideId "4122046"]
[BlackFideId "24126748"]
[WhiteElo "2158"]
[BlackElo "2400"]
[Result "1-0"]
[Round "01"]
[TimeControl "180+2"]
[Date "2023.04.25"]
[WhiteClock "0:00:08"]
[BlackClock "0:00:01"]

1. d4 d5 2. c4 e6 3. Nc3 c5 4. cxd5 cxd4 5. Qa4+ Bd7 6. Qxd4 exd5 7. Qxd5 Nf6 8. Qd1 Bc5 9. e3 O-O 10. Nf3 Qe7 11. Be2 Rd8 12. Qc2 Nc6 13. O-O Ne5 14. Nxe5 Qxe5 15. Bf3 Rab8 16. Rd1 b6 17. Ne4 Nxe4 18. Qxe4 Qxe4 19. Bxe4 Bg4 20. Rxd8+ Rxd8 21. f3 Rd1+ 22. Kf2 Be6 23. b3 Bb4 24. Ke2 Re1+ 25. Kf2 Rd1 26. Ke2 Re1+ 27. Kf2 Rh1 28. h3 Be1+ 29. Ke2 Bc3 30. Rb1 Rg1 31. Kf2 Rd1 32. Ke2 Re1+ 33. Kf2 Rd1 34. Ke2 Rg1 35. Kf2 Rh1 36. Ba3 Rxb1 37. Bxb1 g6 38. Bc1 f5 39. e4 fxe4 40. fxe4 Kf7 41. Bf4 Bd4+ 42. Be3 Be5 43. Kf3 Kf6 44. Bf4 Bd4 45. g4 g5 46. Be3 Ke5 47. Bxg5 Bd7 48. Bf4+ 1-0


[Site "https://www.chess.com"]

[Event "Titled Tuesday Blitz April 25 Early 2023"]
[White "Rozen, Eytan"]
[Black "Zhukova, Natalia"]
[WhiteFideId "2816750"]
[BlackFideId "14101513"]
[WhiteElo "2451"]
[BlackElo "2297"]
[Result "1-0"]
[Round "01"]
[TimeControl "180+2"]
[Date "2023.04.25"]
[WhiteClock "0:00:09"]
[BlackClock "0:00:01"]

1. d4 Nf6 2. Nc3 e6 3. e4 d5 4. e5 Nfd7 5. Nce2 c5 6. c3 Nc6 7. f4 Qb6 8. Nf3 f6 9. g3 Be7 10. Bh3 O-O 11. Bxe6+ Kh8 12. Bxd5 cxd4 13. cxd4 fxe5 14. fxe5 Ndxe5 15. dxe5 Nxe5 16. Bf4 Bb4+ 17. Nc3 Ng4 18. Qd2 Re8+ 19. Kf1 Bf5 20. Kg2 h6 21. Rhe1 Nf6 22. Rad1 Rad8 23. Rxe8+ Rxe8 24. Ne5 Kh7 25. Bf3 Qa5 26. a3 Bf8 27. Ne4 Qxd2+ 28. Nxd2 Rd8 29. h4 Rc8 30. Ndc4 b5 31. Nd6 Rc2+ 32. Kg1 Bg6 33. Nxg6 Kxg6 34. h5+ Kh7 35. Ne8 1-0


[Site "https://www.chess.com"]

[Event "Titled Tuesday Blitz April 25 Early 2023"]
[White "Kielinkei"]
[Black "Azarov, Sergei"]
[BlackFideId "13501470"]
[WhiteElo "2432"]
[BlackElo "2475"]
[Result "0-1"]
[Round "01"]
[TimeControl "180+2"]
[Date "2023.04.25"]
[WhiteClock "0:00:01"]
[BlackClock "0:00:20"]

1. e4 e5 2. Nf3 Nc6 3. Nc3 Nf6 4. d4 Bb4 5. dxe5 Nxe4 6. Qd3 d5 7. exd6 O-O 8. Be2 Bf5 9. Qc4 Qf6 10. Bd2 Nxd6 11. Qb3 Qe7 12. Nd5 Bxd2+ 13. Nxd2 Qe5 14. Nf3 Qe4 15. Nc3 Qxc2 16. Qxc2 Bxc2 17. O-O Rfe8 18. Rfe1 Be4 19. Nxe4 Rxe4 20. Bd3 Rxe1+ 21. Rxe1 Kf8 22. Kf1 a6 23. Ke2 Re8+ 24. Kd2 Rxe1 25. Nxe1 g6 26. Nf3 f6 27. a3 Ke7 28. b4 Ne5 29. Nxe5 fxe5 30. Ke3 Ke6 31. h4 Kd5 32. f3 b5 33. a4 bxa4 34. Bxa6 a3 0-1


[Site "https://www.chess.com"]

[Event "Titled Tuesday Blitz April 25 Early 2023"]
[White "Goltsev, Dmitry"]
[Black "ArtemDyachuk"]
[WhiteFideId "24176710"]
[WhiteElo "2336"]
[BlackElo "2431"]
[Result "1-0"]
[Round "01"]
[TimeControl "180+2"]
[Date "2023.04.25"]
[WhiteClock "0:02:29"]
[BlackClock "0:00:01"]

1. e4 c6 2. Nf3 d5 3. Nc3 Nf6 4. exd5 cxd5 5. d4 Nc6 6. Bf4 g6 7. h3 Bg7 8. Bd3 O-O 9. a3 Ne4 10. O-O Nxc3 11. bxc3 f6 12. Re1 Re8 13. Qe2 e5 14. dxe5 fxe5 15. Bg5 Qd6 16. Bb5 Bd7 17. Rad1 h6 18. Rxd5 Qxd5 19. Bc4 Qxc4 20. Qxc4+ Be6 21. Qb5 hxg5 22. Qxb7 Rac8 23. Nxg5 Bc4 24. Rd1 Bf6 25. Ne4 Be7 26. Rd7 Be6 27. Rc7 Rxc7 28. Qxc7 Rc8 29. Qb7 Rb8 30. Qa6 Rb1+ 31. Kh2 Rb6 32. Qd3 Kg7 33. a4 Bf5 34. Qe3 Bxe4 35. Qxe4 Bf6 36. Qd5 Ne7 37. Qa5 Rb7 38. f4 1-0


[Site "https://www.chess.com"]

[Event "Titled Tuesday Blitz April 25 Early 2023"]
[White "Balla, Tamas-Kristof"]
[Black "Rustemov, Alexander"]
[WhiteFideId "1208497"]
[BlackFideId "4119002"]
[WhiteElo "2334"]
[BlackElo "2799"]
[Result "1-0"]
[Round "01"]
[TimeControl "180+2"]
[Date "2023.04.25"]
[WhiteClock "0:00:12"]
[BlackClock "0:00:14"]

1. e4 e6 2. d4 d5 3. Nd2 dxe4 4. Nxe4 Bd7 5. Bd3 Bc6 6. Nf3 Nd7 7. c3 Ngf6 8. Qe2 Nxe4 9. Bxe4 Bxe4 10. Qxe4 c6 11. O-O Be7 12. Bf4 O-O 13. Rfe1 Qa5 14. Ne5 Rad8 15. h3 Qd5 16. Qe2 Nxe5 17. Bxe5 Bd6 18. Bxd6 Rxd6 19. a3 Rfd8 20. Rad1 c5 21. c4 Qc6 22. dxc5 Qxc5 23. Rxd6 Qxd6 24. Qf3 b6 25. Qb3 g6 26. Qa4 Qd2 27. Rf1 Qxb2 28. Qxa7 Rd3 29. a4 Ra3 30. c5 bxc5 31. Qxc5 Rxa4 32. Rd1 Kg7 33. Qe3 Ra2 34. Re1 Qf6 35. Rd1 Rb2 36. Re1 h5 37. Rd1 h4 38. Re1 Rc2 39. Rd1 Qc3 40. Qf4 Qf6 41. Qe3 g5 42. Re1 Kg6 43. Qd3+ Qf5 44. Qe3 Qc5 45. Qe4+ Kg7 46. Qf3 Rc3 47. Qg4 Kg6 48. Qe4+ Qf5 49. Qe2 Rc2 50. Qe3 Qd5 51. Rf1 Qd2 52. Qe4+ Kf6 53. Qf3+ Qf4 54. Qb3 Rd2 55. Qc3+ Qd4 56. Qc8 Kg7 57. Qc1 f6 58. Qc7+ Qd7 59. Qc4 Kg6 60. Qc3 Qd4 61. Qf3 e5 62. Qa8 Qd7 63. Qg8+ Qg7 64. Qe8+ Qf7 65. Qa8 Rd4 66. Qa1 Qd7 67. Qb1+ Qf5 68. Qb8 Rd7 69. Qg8+ Rg7 70. Qe8+ Kh6 71. Qh8+ Qh7 72. Qf8 Qg8 73. Qxf6+ Rg6 74. Qxe5 Qe6 75. Qh8# 1-0


[Site "https://www.chess.com"]

[Event "Titled Tuesday Blitz April 25 Early 2023"]
[White "Shomoev, Anton"]
[Black "Fan_Of_Chucky"]
[WhiteFideId "4135148"]
[WhiteElo "2451"]
[BlackElo "2430"]
[Result "1-0"]
[Round "01"]
[TimeControl "180+2"]
[Date "2023.04.25"]
[WhiteClock "0:01:57"]
[BlackClock "0:00:49"]

1. d4 Nf6 2. c4 c5 3. d5 b5 4. cxb5 a6 5. e3 axb5 6. Bxb5 Qa5+ 7. Nc3 Bb7 8. Bd2 Qb6 9. a4 Nxd5 10. Nf3 e6 11. O-O Nb4 12. Ne5 N8c6 13. Nxc6 Bxc6 14. Qg4 f6 15. Rfd1 Kf7 16. Bxc6 Qxc6 17. Nb5 d5 18. Bxb4 cxb4 19. Rac1 Qb6 20. Rc7+ Kg8 21. b3 Re8 22. Rdc1 e5 23. R1c6 Qb8 24. Rc8 Rxc8 25. Qe6# 1-0


[Site "https://www.chess.com"]

[Event "Titled Tuesday Blitz April 25 Early 2023"]
[White "Gonzalez Zamora, Juan Carlos"]
[Black "Kosakowski, Jakub"]
[WhiteFideId "3507548"]
[BlackFideId "1185080"]
[WhiteElo "2535"]
[BlackElo "2488"]
[Result "0-1"]
[Round "01"]
[TimeControl "180+2"]
[Date "2023.04.25"]
[WhiteClock "0:00:02"]
[BlackClock "0:00:58"]

1. e4 c5 2. Nf3 d6 3. d4 cxd4 4. Qxd4 Nf6 5. h3 Nc6 6. Bb5 Bd7 7. Bxc6 Bxc6 8. Nc3 e6 9. Bg5 Be7 10. O-O-O Qa5 11. Kb1 O-O 12. h4 b5 13. Qd3 b4 14. Nd4 Bb7 15. Nb3 Qb6 16. Be3 Qc6 17. Nd4 Qc8 18. Nce2 Bxe4 19. Qd2 a5 20. f3 Bb7 21. g4 Nd5 22. h5 a4 23. g5 a3 24. b3 e5 25. Nb5 Qf5 26. Rdf1 Rac8 27. Ng3 Qd7 28. Ne4 Qxb5 29. Rf2 Nc3+ 30. Nxc3 Rxc3 31. h6 g6 32. Rg1 Rfc8 33. Qc1 d5 34. Rg4 d4 0-1


[Site "https://www.chess.com"]

[Event "Titled Tuesday Blitz April 25 Early 2023"]
[White "Kushko, Dmitriy"]
[Black "Mohammed, Dilshad"]
[WhiteFideId "14162261"]
[BlackFideId "5050421"]
[WhiteElo "2230"]
[BlackElo "2112"]
[Result "1/2-1/2"]
[Round "01"]
[TimeControl "180+2"]
[Date "2023.04.25"]
[WhiteClock "0:00:10"]
[BlackClock "0:00:19"]

1. g3 Nf6 2. Bg2 d5 3. Nf3 g6 4. b3 Bg7 5. Bb2 O-O 6. c4 c6 7. O-O c5 8. cxd5 Nxd5 9. Bxg7 Kxg7 10. d4 cxd4 11. Nxd4 Nf6 12. Nc3 a6 13. Rc1 e5 14. Nc2 Nc6 15. Qxd8 Rxd8 16. Bxc6 bxc6 17. Nb4 Bb7 18. Na4 Rd2 19. Nc5 Rb8 20. Rfd1 Rxd1+ 21. Rxd1 a5 22. Nbd3 e4 23. Ne5 Ba8 24. Nc4 Rb5 25. Na4 Nd5 26. Rc1 f5 27. Nc3 Rc5 28. Na4 Rb5 29. f3 exf3 30. exf3 c5 31. Kf2 Nb4 32. Ra1 Rb8 33. Nxc5 Bd5 34. a3 Nc6 35. Rd1 Bxc4 36. bxc4 Ne5 37. Rc1 Rb2+ 38. Ke3 Ra2 39. f4 Rxa3+ 40. Kd4 Nf3+ 41. Kd5 Nxh2 42. Ne6+ Kf6 43. Nd4 Rd3 44. Kc5 Nf3 45. Nxf3 Rxf3 46. Kb6 a4 47. c5 Ke7 48. c6 Kd8 49. Rb1 Rc3 50. Kb7 h5 51. Rd1+ Ke7 52. c7 Rb3+ 53. Ka7 Rc3 54. Kb8 Rb3+ 55. Kc8 a3 56. Re1+ Kf7 57. Kd8 Rd3+ 58. Kc8 a2 59. Ra1 Ra3 60. Kb8 Rb3+ 61. Ka7 Rc3 62. Kb7 Rb3+ 63. Kc6 Rc3+ 64. Kd7 Rd3+ 65. Kc6 Rc3+ 66. Kb6 Rb3+ 67. Ka6 Rc3 68. Kb7 Rb3+ 69. Kc8 Rb2 70. Kd8 Rd2+ 71. Kc8 Ke7 72. Re1+ Kf7 73. Kb8 Rb2+ 74. Ka7 Rc2 75. Kb8 Rb2+ 76. Ka7 Rc2 77. Kb8 Rb2+ 1/2-1/2


[Site "https://www.chess.com"]

[Event "Titled Tuesday Blitz April 25 Early 2023"]
[White "Omariev, Maksim"]
[Black "Milikow, Yoav"]
[WhiteFideId "4193423"]
[BlackFideId "2822237"]
[WhiteElo "2427"]
[BlackElo "2410"]
[Result "0-1"]
[Round "01"]
[TimeControl "180+2"]
[Date "2023.04.25"]
[WhiteClock "0:00:04"]
[BlackClock "0:00:17"]

1. g4 g6 2. Bg2 Bg7 3. d4 d5 4. g5 Nc6 5. Nf3 h6 6. h4 hxg5 7. hxg5 Rxh1+ 8. Bxh1 Bg4 9. c3 Qd6 10. Nbd2 e6 11. Nf1 Nge7 12. Be3 Nf5 13. Qd2 Nxe3 14. Nxe3 Bh5 15. O-O-O O-O-O 16. Bg2 Bf8 17. Ne1 Be7 18. Nf1 Rh8 19. Nd3 Na5 20. Ng3 Nc4 21. Qf4 Qxf4+ 22. Nxf4 Bxg5 23. Nxh5 Rxh5 24. e3 Rh2 25. Rg1 Bxf4 26. exf4 Rh4 27. f5 gxf5 28. Bf1 Nd6 29. Kd2 Kd7 30. Rg8 Rh1 31. Ke1 Rh2 32. Bd3 a6 33. a4 Rh3 34. Ke2 Rh1 35. a5 Ra1 36. b4 Ra2+ 37. Ke3 Ra3 38. Kd2 Ra2+ 39. Ke3 Ke7 40. Rb8 Ra1 41. Rh8 Rc1 42. Kd2 Rg1 43. Rb8 f4 44. Rh8 Ra1 45. Ke2 Ra2+ 46. Ke1 Ra3 47. Ke2 Rxc3 48. Rh4 Rb3 49. Rxf4 Rxb4 50. Ke3 Nb5 51. Bxb5 Rxb5 52. Rh4 Rxa5 53. f4 Ra3+ 54. Ke2 Rb3 55. f5 a5 56. Rh6 a4 57. f6+ Kd6 58. Rh8 a3 59. Ra8 b5 60. Kf2 b4 61. Ke2 Rb2+ 62. Kd3 Kc6 63. Ra6+ Kb5 64. Ra8 a2 65. Rb8+ Kc6 66. Ra8 b3 67. Kc3 Rb1 68. Ra6+ Kb7 69. Ra4 Kc8 70. Kb4 Kd7 71. Kc5 b2 72. Rxa2 Rc1+ 73. Kb4 b1=Q+ 74. Ka3 Rc3+ 75. Ka4 Qxa2+ 76. Kb5 Rb3+ 77. Kc5 Qa7# 0-1


[Site "https://www.chess.com"]

[Event "Titled Tuesday Blitz April 25 Early 2023"]
[White "Mahdavi, Reza"]
[Black "Lach, Aleksandra"]
[WhiteFideId "12595926"]
[BlackFideId "1134299"]
[WhiteElo "2357"]
[BlackElo "2111"]
[Result "1-0"]
[Round "01"]
[TimeControl "180+2"]
[Date "2023.04.25"]
[WhiteClock "0:00:54"]
[BlackClock "0:00:16"]

1. Nf3 c5 2. g3 g6 3. Bg2 Bg7 4. c4 Nc6 5. Nc3 Nf6 6. O-O O-O 7. d4 d6 8. b3 Bg4 9. d5 Nb8 10. Bb2 Nbd7 11. Qc2 h6 12. e4 Bxf3 13. Bxf3 g5 14. Bg2 Ne5 15. f4 gxf4 16. gxf4 Ng6 17. Rae1 e5 18. dxe6 fxe6 19. e5 dxe5 20. Qxg6 exf4 21. Ne4 Ne8 22. Qxe6+ Kh7 23. Bxg7 Nxg7 24. Qe5 Rf5 25. Qc3 Qf8 26. Nd2 Kh8 27. Kh1 Rd8 28. Be4 Rh5 29. Nf3 Rh3 30. Rg1 Rd7 31. Qc2 Qf6 32. Qg2 Rh5 33. Bg6 1-0


[Site "https://www.chess.com"]

[Event "Titled Tuesday Blitz April 25 Early 2023"]
[White "Lima, Kleyton Alcantara"]
[Black "Ashraf, Artin"]
[WhiteFideId "22718397"]
[BlackFideId "22514805"]
[WhiteElo "2009"]
[BlackElo "2188"]
[Result "0-1"]
[Round "01"]
[TimeControl "180+2"]
[Date "2023.04.25"]
[WhiteClock "0:00:07"]
[BlackClock "0:00:07"]

1. e4 e5 2. Nf3 Nc6 3. d4 exd4 4. Nxd4 Bc5 5. Nxc6 Qf6 6. Qf3 Qxf3 7. gxf3 dxc6 8. Nc3 Ne7 9. Be3 Bb6 10. O-O-O Be6 11. Rg1 O-O 12. f4 f5 13. e5 Nd5 14. Nxd5 cxd5 15. Bxb6 axb6 16. a3 Ra4 17. c4 dxc4 18. Rd4 c5 19. Rd6 Re8 20. Rg3 b5 21. Rb6 b4 22. Rxe6 Rxe6 23. Bxc4 Kf7 24. axb4 Rxb4 25. Bxe6+ Kxe6 26. Rxg7 Rxf4 27. Rxb7 Rxf2 28. Rxh7 Kxe5 29. Rh3 f4 30. b3 Ke4 31. Kd1 f3 32. Rh8 Rb2 33. Ke1 Rxb3 34. Re8+ Kd3 35. Rh8 Rb2 36. Rd8+ Kc3 37. h4 c4 38. h5 Rh2 39. Rf8 Rh1+ 40. Kf2 Rxh5 41. Rxf3+ Kd2 42. Rf8 Rd5 43. Ra8 c3 0-1


[Site "https://www.chess.com"]

[Event "Titled Tuesday Blitz April 25 Early 2023"]
[White "Gunina, Valentina"]
[Black "Dwilewicz, Katarzyna"]
[WhiteFideId "4167570"]
[BlackFideId "1148486"]
[WhiteElo "2352"]
[BlackElo "2065"]
[Result "1-0"]
[Round "01"]
[TimeControl "180+2"]
[Date "2023.04.25"]
[WhiteClock "0:00:18"]
[BlackClock "0:00:04"]

1. d4 d5 2. c4 dxc4 3. Nf3 Nf6 4. e3 Bg4 5. Bxc4 e6 6. O-O Be7 7. Nc3 O-O 8. h3 Bh5 9. Re1 c5 10. g4 Bg6 11. Ne5 a6 12. dxc5 Bxc5 13. Qxd8 Rxd8 14. Nxg6 hxg6 15. g5 Nfd7 16. a3 Nc6 17. b4 Be7 18. Ne4 Rac8 19. Be2 Nde5 20. Bb2 Nd3 21. Bxd3 Rxd3 22. Red1 Rcd8 23. Rxd3 Rxd3 24. Rc1 Rb3 25. Rc2 a5 26. Nd2 Rd3 27. b5 Na7 28. a4 Bxg5 29. Nc4 Bd8 30. Bd4 b6 31. Kf1 f6 32. Ke2 Rb3 33. Nxb6 e5 34. Bc5 Kf7 35. Rd2 Bxb6 36. Bxb6 Nc8 37. Bxa5 Ra3 38. b6 Rb3 39. Rd7+ Ke6 40. Rc7 Nxb6 41. Rc6+ Kf5 42. Rxb6 Ra3 43. Rb4 Ra2+ 44. Kf3 g5 45. Bb6 1-0


[Site "https://www.chess.com"]

[Event "Titled Tuesday Blitz April 25 Early 2023"]
[White "Vivas Zamora, Fabian Ernesto"]
[Black "Sieciechowicz, Marcin"]
[WhiteFideId "3902480"]
[BlackFideId "1130170"]
[WhiteElo "2262"]
[BlackElo "2302"]
[Result "1/2-1/2"]
[Round "01"]
[TimeControl "180+2"]
[Date "2023.04.25"]
[WhiteClock "0:00:10"]
[BlackClock "0:00:18"]

1. e4 e6 2. d4 d5 3. Nd2 c5 4. Ngf3 cxd4 5. Nxd4 Nc6 6. Bb5 Bd7 7. Nxc6 bxc6 8. Bd3 Bd6 9. Qe2 Qc7 10. Nf3 Ne7 11. O-O Ng6 12. c4 dxe4 13. Qxe4 O-O 14. b3 f5 15. Qe2 e5 16. c5 Bxc5 17. Ng5 Ne7 18. Bb2 Bd6 19. Rac1 Nd5 20. Bc4 Qb8 21. Rfd1 h6 22. Rxd5 cxd5 23. Bxd5+ Kh8 24. Nf7+ Rxf7 25. Bxf7 Qb5 26. Bc4 Qb6 27. Qd2 Rd8 28. Rd1 Bc7 29. Qe2 Qf6 30. Rd5 Bc8 31. Bxe5 Bxe5 32. Rxe5 Ba6 33. Re8+ Kh7 34. Rxd8 Bxc4 35. Qxc4 Qxd8 36. h3 Qd1+ 37. Kh2 Qd6+ 38. g3 Qb6 39. Kg2 Kg6 40. Qd5 Qf6 41. a4 f4 42. Qe4+ Kg5 43. Qxf4+ Qxf4 44. gxf4+ Kxf4 45. b4 Ke5 46. b5 Kd5 47. a5 Kc5 48. b6 axb6 49. axb6 Kxb6 50. Kf3 Kc6 51. Ke4 Kd6 52. Kf5 Ke7 53. Kg6 Kf8 54. f4 Kg8 55. h4 Kf8 56. h5 Kg8 57. f5 Kf8 58. f6 gxf6 59. Kxf6 Kg8 60. Kg6 Kh8 61. Kxh6 Kg8 62. Kg6 Kh8 63. Kh6 Kg8 64. Kg6 Kh8 65. h6 Kg8 66. h7+ Kh8 67. Kh6 1/2-1/2


[Site "https://www.chess.com"]

[Event "Titled Tuesday Blitz April 25 Early 2023"]
[White "Atakishiyev, Elmar"]
[Black "Rangel, Daniel"]
[WhiteFideId "13410547"]
[BlackFideId "2124475"]
[WhiteElo "2239"]
[BlackElo "2256"]
[Result "1-0"]
[Round "01"]
[TimeControl "180+2"]
[Date "2023.04.25"]
[WhiteClock "0:00:44"]
[BlackClock "0:00:13"]

1. c4 Nf6 2. Nc3 e5 3. Nf3 Nc6 4. g3 Bc5 5. Bg2 a6 6. O-O O-O 7. Nxe5 Nxe5 8. d4 Bd6 9. c5 Nc4 10. cxd6 Nxd6 11. e4 Nb5 12. e5 Nxc3 13. bxc3 Ne8 14. f4 d6 15. Ba3 g6 16. d5 Ng7 17. c4 Re8 18. Bb2 Nf5 19. Qd2 h5 20. Rae1 Kh7 21. Be4 Rg8 22. Qc3 b5 23. c5 a5 24. c6 b4 25. Qd2 Ba6 26. Rf2 Nh6 27. f5 dxe5 28. Bxe5 Re8 29. fxg6+ fxg6 30. Bxg6+ Kxg6 31. Qc2+ Kg5 32. h4+ Kg4 33. Rf4+ Kxg3 34. Qg2# 1-0


[Site "https://www.chess.com"]